 Dungeon Crawl Stone Soup version 0.28.0-43-g3370ac3207 (webtiles) character file.

Game seed: 10621542134960709490

149 Hara the Caller (level 5, -3/37 HPs)
             Began as a Human Summoner on Mar 24, 2022.
             Was a Believer of Elyvilon.
             Killed by divine providence
             ... invoked by an orc priest
              (16 damage)
             ... on level 3 of the Dungeon.
             The game lasted 00:35:19 (2913 turns).

Hara the Caller (Human Summoner)                    Turns: 2913, Time: 00:35:19

Health: -3/37      AC:  4    Str:  8    XL:     5   Next: 57%
Magic:  5/8        EV: 11    Int: 17    God:    Elyvilon [**....]
Gold:   89         SH:  0    Dex: 14    Spells: 2/8 levels left

rFire   . . .      SeeInvis .   i - +2 whip (venom)
rCold   + . .      Faith    .   (no shield)
rNeg    . . .      Spirit   .   j - +0 leather armour
rPois   .          Reflect  .   (no helmet)
rElec   .          Harm     .   (no cloak)
rCorr   .          Rampage  .   (no gloves)
Will    .....                   y - +0 pair of boots
Stlth   ++........              (no amulet)
HPRegen 0.12/turn               d - ring of protection from cold
MPRegen 0.11/turn               (no ring)

@: no status effects
A: no striking features
a: Renounce Religion, Purification, Heal Other


You were on level 3 of the Dungeon.
You worshipped Elyvilon.
Elyvilon was pleased with you.
You visited 1 branch of the dungeon, and saw 3 of its levels.

You collected 89 gold pieces.

Inventory:

Hand Weapons
 b - a +0 dagger
 e - a +0 dagger
 f - a +0 dagger
 g - a +0 whip of flaming
 h - a +0 hand axe
 i - a +2 whip of venom (weapon)
 k - a +0 spear
 l - a +0 club
 n - a +0 club
 o - a +0 dagger
 p - a +0 whip
 q - a +0 dagger
 s - a +0 dagger
 v - a +0 flail
Missiles
 c - 127 stones (quivered)
Armour
 a - a +0 robe
 j - a +0 leather armour (worn)
 r - a +0 ring mail
 u - a +4 scale mail
 y - a +0 pair of boots (worn)
Jewellery
 d - a ring of protection from cold (left hand)
Scrolls
 m - a scroll of enchant armour {unknown}
 t - a scroll of blinking {unknown}
 w - 2 scrolls of magic mapping
 x - 3 scrolls of fear {unknown}
 A - a scroll of vulnerability {unknown}
 B - 2 scrolls of holy word {unknown}
Potions
 z - a potion of curing {unknown}


   Skills:
 + Level 1.0 Fighting
 + Level 0.5 Short Blades
 + Level 0.8 Maces & Flails
 + Level 0.4 Throwing
 + Level 0.2 Armour
 - Level 2.0 Dodging
 + Level 3.0 Stealth
 + Level 0.2 Unarmed Combat
 - Level 2.0 Spellcasting
 * Level 5.5 Summonings


You had 2 spell levels left.
You knew the following spells:

 Your Spells              Type           Power      Damage    Failure   Level
a - Summon Small Mammal   Summ           80%        N/A       2%          1
b - Call Canine Familiar  Summ           20%        N/A       9%          3
c - Call Imp              Summ           20%        N/A       4%          2

Your spell library contained the following spells:

 Spells                   Type           Power      Damage    Failure   Level
 Sandblast                Erth           2%         2d4       26%         1
 Passwall                 Tmut/Erth      0%         N/A       38%         2
 Summon Guardian Golem    Hex/Summ       11%        N/A       26%         3
 Frozen Ramparts          Ice            2%         1d2       63%         3
 Stone Arrow              Conj/Erth      2%         3d7       63%         3
 Summon Ice Beast         Ice/Summ       11%        N/A       65%         4
 Summon Lightning Spire   Summ/Air       11%        N/A       65%         4
 Ice Form                 Ice/Tmut       1%         N/A       95%         4


Dungeon Overview and Level Annotations

Branches:
Dungeon (3/15)

Altars:
Elyvilon


Message History

The orc priest looks encouraged for a moment.
Casting: Call Canine Familiar (dangerous; 9% risk of failure)
Confirm with . or Enter, or press ? or * to list all spells.
The gnoll barely misses you.
Your hound closely misses the gnoll.
The gnoll hits your hound with a +0 whip.
Your hound bites the gnoll.
There is an open door here.
Your hound bites the gnoll.
The gnoll barely misses your hound.
Your hound bites the gnoll.
Something hits your hound.
The gnoll hits your hound with a +0 whip.
Your hound closely misses the gnoll.
Your hound closely misses the gnoll.
Something misses your hound. The gnoll closely misses your hound.
Your hound closely misses the gnoll.
Something closely misses your hound.
The gnoll hits your hound with a +0 whip.
Your hound dies!
Your hound's corpse disappears in a puff of smoke!
The gnoll shouts!
There is an open door here.
There is an open door here.
Casting: Call Canine Familiar (dangerous; 9% risk of failure)
Confirm with . or Enter, or press ? or * to list all spells.
The gnoll barely misses your hound.
The gnoll hits your hound with a +0 whip!
Your hound bites the gnoll.
The gnoll dies!
You swap places.
Things that are here:
a +0 whip; a gnoll corpse
There is an open door here.
Your hound disappears in a puff of smoke!
The orc priest shouts!
The orc priest mumbles some strange prayers to Beogh against you.
Beogh smites you! Elyvilon protects you from harm!
The orc priest looks satisfied for a moment.
The orc priest calls down the wrath of Beogh upon you.
Beogh smites you!
You die...

#### #.# .).# #.#
...######.### ######
...'..##....# #....#
...##.##....# #....#
...##..'....######....#
...#####....#.........#
########....#......####
............'.o.@...##
#############........#
#......#.# ########.#
### ######
#########.####### #..
.....+
+.....).......... #.#
######
########....##### ...
..# #.......# #.##+ #.#
#.......# ##..#..


You could see an orc priest.

Vanquished Creatures
  A gnoll (D:3)
  An adder (D:3)
  A dart slug (D:1)
  4 orcs (D:2)
  5 giant cockroaches
  3 hobgoblins (D:2)
  A jackal (D:1)
  6 bats
  A frilled lizard (D:3)
  2 rats (D:1)
25 creatures vanquished.

Vanquished Creatures (collateral kills)
  A gnoll (D:3)
  A worm (D:2)
  A dart slug (D:3)
  11 orcs
  10 endoplasms
  2 giant cockroaches
  7 goblins
  5 hobgoblins
  5 jackals
  2 kobolds
  2 quokkas (D:1)
  4 ball pythons
  5 bats
  2 frilled lizards
  4 rats
62 creatures vanquished.

Grand Total: 87 creatures vanquished

Notes
Turn   | Place    | Note
-------+----------+-------------------------------------------
     0 | D:1      | Hara the Human Summoner began the quest for the Orb.
     0 | D:1      | Reached XP level 1. HP: 13/13 MP: 3/3
   100 | D:1      | Found a faded altar of an unknown god.
   117 | D:1      | Prayed at the altar of an unknown god.
   117 | D:1      | Became a worshipper of Elyvilon the Healer
   117 | D:1      | Reached * piety under Elyvilon
   144 | D:1      | Reached XP level 2. HP: 18/19 MP: 1/5
   363 | D:1      | Reached XP level 3. HP: 4/25 MP: 2/6
  1307 | D:2      | Reached XP level 4. HP: 30/31 MP: 3/7
  1993 | D:2      | Reached skill level 5 in Summonings
  2209 | D:2      | Learned a level 3 spell: Call Canine Familiar
  2212 | D:2      | Learned a level 2 spell: Call Imp
  2456 | D:3      | Reached XP level 5. HP: 34/36 MP: 8/8
  2539 | D:3      | Reached ** piety under Elyvilon
  2812 | D:3      | Elyvilon protects you from harm!
  2819 | D:3      | Reached skill level 1 in Fighting
  2910 | D:3      | Elyvilon protects you from harm!
  2913 | D:3      | Killed from afar by an orc priest

Illustrated notes

Levels and vault maps discovered:
D:1:      dpeg_arrival_shelter, layout_rooms,
          hellmonk_ecumenical_altar_crossroads
D:2:      layout_basic, minmay_surrounded
D:3:      layout_basic, hex_large, minmay_misc_feat_doors

Skill      XL: |  1  2  3  4  5 |
---------------+----------------+-----
Summonings     | 5 |  5.5
Stealth        | 3 |  3.0
Fighting       | 1 |  1.0
Short Blades   | |  0.5
Maces & Flails | |  0.8
Throwing       | |  0.4
Armour         | |  0.2
Dodging        | |  2.0
Unarmed Combat | |  0.2
Spellcasting   | |  2.0

Action                   |  1- 3 |  4- 6 || total
-------------------------+-------+-------++-------
Melee: Dagger            |    51 |       ||    51
       Unarmed           |     2 |       ||     2
       Punch             |     2 |       ||     2
       Whip              |    16 |    49 ||    65
Throw: Stone             |     2 |       ||     2
 Cast: Summon Small Mamm |    51 |    46 ||    97
       Call Canine Famil |       |    10 ||    10
  Use: Scroll            |       |     3 ||     3
 Stab: Sleeping          |     1 |     1 ||     2
Armor: Robe              |    31 |     8 ||    39
       Leather armour    |       |     6 ||     6
Dodge: Dodged            |    79 |    54 ||   133
